 Dungeon Crawl Stone Soup version 0.31-a0-193-gdfe2569204 (webtiles) character file.

Game seed: 14046976923429493778

94 qw the Shooter (level 4, -8/25 HPs)
             Began as a Deep Elf Hunter on June 23, 2023.
             Mangled by Sigmund
             ... wielding a +2 scythe of venom
              (9 damage)
             ... on level 3 of the Dungeon.
             The game lasted 00:00:50 (1832 turns).

qw the Shooter (Deep Elf Hunter)                    Turns: 1832, Time: 00:00:51

Health: -8/25      AC:  8    Str: 10    XL:     4   Next: 38%
Magic:  0/6        EV:  9    Int: 14    God:
Gold:   188        SH:  0    Dex: 18    Spells: 3/3 levels left

rFire   . . .        Y - +0 shortbow
rCold   . . .        (shield currently unavailable)
rNeg    . . .        b - +0 scale mail
rPois   .            l - +0 helmet
rElec   .            (no cloak)
rCorr   .            f - +0 pair of gloves
SInv    .            (no boots)
Will    .....        g - amulet of guardian spirit
Stlth   +            (no ring)
HPRegen 0.24/turn    (no ring)
MPRegen 0.10/turn

%: guardian spirit
@: lethally poisoned (-8 -> -19)
A: no striking features
a: no special abilities


You were on level 3 of the Dungeon.
You visited 1 branch of the dungeon, and saw 3 of its levels.

You collected 188 gold pieces.


   Skills:
 - Level 1.5 Fighting
 + Level 7.8 Ranged Weapons
 - Level 2.4 Dodging
 - Level 1.2 Stealth


You had 3 spell levels left.
You didn't know any spells.
Your spell library was empty.

Inventory:

Hand Weapons
 Y - a +0 shortbow (weapon)
Armour
 b - a +0 scale mail (worn)
 f - a +0 pair of gloves (worn)
 l - a +0 helmet (worn)
 p - a +0 cloak
Jewellery
 c - a +6 ring of strength
 g - an amulet of guardian spirit (around neck)
 k - an amulet of the acrobat
 n - a ring of see invisible
Scrolls
 h - a scroll of teleportation
 j - 2 scrolls of identify
Potions
 a - a potion of attraction {unknown}
 d - a potion of mutation {unknown}
 e - a potion of cancellation
 i - a potion of curing {unknown}
 m - a potion of degeneration {unknown}
 o - a potion of haste

Dungeon Overview and Level Annotations

Branches:
Dungeon (3/15)

Altars:
Gozag
Nemelex Xobeh
Wu Jian

Annotations:
D:3 Sigmund


Message History

Enter note:
Enter note: You shoot an arrow.
The arrow hits the goblin.
The goblin is severely wounded.
The goblin drinks a potion.
The goblin seems to speed up.
You shoot an arrow. The arrow hits the goblin.
You kill the goblin!
j - 2 scrolls of identify (gained 1)
You now have 188 gold pieces (gained 10).
o - a potion of haste
Things that are here:
a +0 dagger; a goblin corpse
Enter note:
Enter note:
p - a +0 cloak
Enter note:
Enter note: Sigmund the Dreaded comes into view.
He is wielding a +2 scythe of venom.
Enter note:
Enter note: You shoot an arrow.
The arrow hits Sigmund!
Sigmund is moderately wounded.
Sigmund hits you from afar with a +2 scythe of venom!
You are poisoned.
You shoot an arrow. The arrow hits Sigmund!
Sigmund is severely wounded.
You feel very sick. Sigmund gestures at you while chanting.
The magic dart hits you!
Enter note:
Enter note:
1831 ||| UPGRADING to +0 cloak.
You feel sick.
Sigmund hits you from afar with a +2 scythe of venom!
Keep equipping yourself?
You are more poisoned.
You start putting on your armour.
You continue putting on your +0 cloak.
You feel very sick.
Sigmund hits you from afar with a +2 scythe of venom!
You die...

#.# #.# #.# # ##.## #.
#.... #..##########
##..##
#..@.......:.####...##
##@...........>...#
#.......#.##.....##
#.......#.##%##..##
#.......#.#...##...
#.......#......#.##
######.#...#.#......####
#............#.....##._.
#.####.####..#.....#...^
#.# #.# ##..##....#..}.


You could see Sigmund.

Vanquished Creatures
  Robin (D:2)
  4 dart slugs
  An orc (D:3)
  3 ball pythons
  2 bats
  8 endoplasms
  A giant cockroach (D:2)
  12 goblins
  11 hobgoblins
  4 jackals (D:3)
  6 kobolds
  3 quokkas
  2 frilled lizards
  3 rats
61 creatures vanquished.

Notes
Turn   | Place    | Note
-------+----------+-------------------------------------------
     0 | D:1      | qw the Deep Elf Hunter began the quest for the Orb.
     0 | D:1      | Reached XP level 1. HP: 12/12 MP: 3/3
     0 | D:1      | 0 ||| qw: Version: 0.3-a-9-g12657ce
     0 | D:1      | 0 ||| qw: Game counter: 4601
     0 | D:1      | 0 ||| qw: Always use a shield: true
     0 | D:1      | 0 ||| qw: God list: Okawaru
     0 | D:1      | 0 ||| qw: Allow faded altars: false
     0 | D:1      | 0 ||| qw: Do Orc after D:15 true
     0 | D:1      | 0 ||| qw: Do second Lair branch before Depths: true
     0 | D:1      | 0 ||| qw: Lair rune preference: random
     0 | D:1      | 0 ||| qw: Plans: Normal
     0 | D:1      | 0 ||| PLANNING D:1-11
   107 | D:1      | Reached XP level 2. HP: 16/16 MP: 4/4
   119 | D:1      | Reached skill level 6 in Ranged Weapons
   437 | D:1      | Reached XP level 3. HP: 20/20 MP: 5/5
   659 | D:1      | 659 ||| UPGRADING to +0 pair of gloves.
   664 | D:1      | 664 ||| UPGRADING to amulet of guardian spirit.
   669 | D:1      | 669 ||| READING scroll labelled FURGHY VEFFUO.
   670 | D:1      | 670 ||| READING scroll labelled RYL MIVIOSOI.
   673 | D:1      | 673 ||| DROPPING scroll of butterflies.
   914 | D:2      | Reached skill level 7 in Ranged Weapons
  1039 | D:2      | Noticed Robin
  1053 | D:2      | Killed Robin
  1067 | D:2      | Reached XP level 4. HP: 13/25 MP: 2/6
  1067 | D:2      | 1067 ||| FLEEEEING.
  1069 | D:2      | 1069 ||| FLEEEEING.
  1070 | D:2      | 1070 ||| FLEEEEING.
  1071 | D:2      | 1071 ||| FLEEEEING.
  1072 | D:2      | 1072 ||| FLEEEEING.
  1073 | D:2      | 1073 ||| FLEEEEING.
  1077 | D:2      | 1077 ||| FLEEEEING.
  1078 | D:2      | 1078 ||| FLEEEEING.
  1081 | D:2      | 1081 ||| FLEEEEING.
  1082 | D:2      | 1082 ||| FLEEEEING.
  1083 | D:2      | 1083 ||| FLEEEEING.
  1084 | D:2      | 1084 ||| FLEEEEING.
  1088 | D:2      | 1088 ||| FLEEEEING.
  1091 | D:2      | 1091 ||| FLEEEEING.
  1092 | D:2      | 1092 ||| FLEEEEING.
  1095 | D:2      | 1095 ||| FLEEEEING.
  1096 | D:2      | 1096 ||| FLEEEEING.
  1097 | D:2      | 1097 ||| FLEEEEING.
  1098 | D:2      | 1098 ||| FLEEEEING.
  1099 | D:2      | 1099 ||| FLEEEEING.
  1100 | D:2      | 1100 ||| FLEEEEING.
  1103 | D:2      | 1103 ||| FLEEEEING.
  1104 | D:2      | 1104 ||| FLEEEEING.
  1105 | D:2      | 1105 ||| FLEEEEING.
  1423 | D:2      | 1423 ||| UPGRADING to +0 scale mail.
  1433 | D:2      | 1433 ||| DROPPING +0 leather armour.
  1434 | D:2      | 1434 ||| UPGRADING to +0 helmet.
  1439 | D:2      | 1439 ||| READING scroll labelled KITENT YMIXKU.
  1440 | D:2      | 1440 ||| DRINKING 2 puce potions.
  1455 | D:3      | Found a sparkling altar of Nemelex Xobeh.
  1455 | D:3      | Found an ornate altar of the Wu Jian Council.
  1703 | D:3      | Found an opulent altar of Gozag.
  1828 | D:3      | Noticed Sigmund
  1831 | D:3      | 1831 ||| UPGRADING to +0 cloak.
  1831 | D:3      | HP: 4/25 [Sigmund/+2 scythe of venom (5)]
  1832 | D:3      | HP: 1/25 [poisoned by Sigmund]
  1832 | D:3      | Mangled by Sigmund

Levels and vault maps discovered:
D:1:      wander_arrival_estate, layout_basic, minmay_tree_intersection
D:2:      layout_basic, uniq_robin
D:3:      layout_loops_ring, lemuel_doored_altar, nicolae_gozag_seed_capital,
          gammafunk_temple_overflow_pools, uniq_sigmund

Skill      XL: |  1  2  3 |
---------------+----------+-----
Ranged Weapons | 6 7 |  7.8
Fighting       | |  1.5
Dodging        | |  2.4
Stealth        | |  1.2

Action                     |  1- 3 |  4- 6 || total
---------------------------+-------+-------++-------
   Fire: Shortbow          |   123 |    51 ||   174
    Use: Scroll            |     2 |     1 ||     3
         Potion            |       |     1 ||     1
 Armour: Leather armour    |    12 |     1 ||    13
         Scale mail        |       |    25 ||    25
  Dodge: Dodged            |    38 |    18 ||    56

Table legend:
 A = Non-vault XP
 B = Vault XP
 C = Vault XP percentage of total XP
 D = Non-vault monster count
 E = Vault monster count
 F = Vault count percentage of total count
                 A         B        C        D         E       F
            +---------+---------+-------+---------+---------+-------
      Total |      98 |      37 |  27.4 |      49 |      12 |  19.7
            +---------+---------+-------+---------+---------+-------
        D:1 |      43 |       0 |   0.0 |      22 |       0 |   0.0
        D:2 |      34 |      37 |  52.1 |      17 |      12 |  41.4
        D:3 |      21 |       0 |   0.0 |      10 |       0 |   0.0
            +---------+---------+-------+---------+---------+-------
